Cogmind - Beta 13 @@@ ROGUE MODE // 2024.04.03 @ 19:14:13 Player: SnowyImp Result: Destroyed by H-61 Shepherd with Heavy Assault Cannon Performance ------------- Evolutions (2) 1000 Regions Visited (4) 800 Robots Destroyed (18) 90 Value Destroyed (618) 618 Prototype IDs (7) 140 Alien Tech Used (0) 0 Bonus (98) 98 TOTAL SCORE: 2746 Bonus ------- Follower Combat Kills 98 Cogmind --------- Core Integrity 0/550 Matter 292/300 Energy 99/100 System Corruption 1% Temperature Cool (0) Movement Core (50) Location -8/Materials Parts ------- > --- POWER (1) -------- (None) > --- PROPULSION (4) --- (None) > --- UTILITY (4) ------ (None) > --- WEAPON (2) ------- (None) > --- INVENTORY (5) ---- Heavy Deuterium Engine Heavy Deuterium Engine Sensor Array Signal Interpreter System Shield Peak State ------------ > --- POWER ------------ Heavy Deuterium Engine > --- PROPULSION ------- Xenon Bombardment Thruster Xenon Bombardment Thruster Xenon Bombardment Thruster Xenon Bombardment Thruster > --- UTILITY ---------- Improved Heat Sink System Shield System Shield System Shield > --- WEAPON ----------- Ion Cannon Ion Cannon > --- INVENTORY -------- Heavy Deuterium Engine Sensor Array Signal Interpreter Targeting Computer System Shield [Rating: 40] Favorites ----------- Power Ion Engine Engine Ion Engine Propulsion Aluminum Leg Leg Aluminum Leg Hover Unit Gravmag System Flight Unit Xenon Bombardment Thruster Utility Small Storage Unit Device Heat Sink Storage Small Storage Unit Hackware System Shield Weapon Small Laser Energy Gun Small Laser Energy Cannon Ion Cannon Ballistic Gun Assault Rifle Build | -11 -10 -9 -9 -8 ------- Run | Yrd Mat Mat Min Mat Slots Evolved 4 | . . 2 . 2 Power . | . . . . . Propulsion 2 | . . 2 . . Utility 2 | . . . . 2 Weapon . | . . . . . Parts Attached 45 | 6 11 7 3 18 Power 4 | 1 . 1 1 1 Engine 4 | 1 . 1 1 1 Core . | . . . . . Reactor . | . . . . . Propulsion 23 | 2 5 3 2 11 Treads . | . . . . . Leg 15 | 2 5 3 2 3 Wheel . | . . . . . Hover 4 | . . . . 4 Flight 4 | . . . . 4 Utility 6 | 1 1 . . 4 Device 2 | . 1 . . 1 Storage 1 | 1 . . . . Processor . | . . . . . Hackware 3 | . . . . 3 Protection . | . . . . . Artifact . | . . . . . Weapon 12 | 2 5 3 . 2 Energy Gun 9 | 1 5 3 . . Energy Cannon 2 | . . . . 2 Ballistic Gun 1 | 1 . . . . Ballistic Cannon . | . . . . . Launcher . | . . . . . Special Weapon . | . . . . . Impact Weapon . | . . . . . Slashing Weapon . | . . . . . Piercing Weapon . | . . . . . Special Melee Weapon . | . . . . . Unidentified Prototypes 1 | . . . . 1 Parts Lost 7 | . . . . 7 Power 1 | . . . . 1 Propulsion 3 | . . . . 3 Utility 3 | . . . . 3 Weapon . | . . . . . Highest Loss Streak 7 | . . . . 7 To Critical Strikes . | . . . . . Average Slot Usage (%) 97 | . 95 98 100 95 Engine 11 | . 14 10 11 8 Leg 32 | . 27 42 44 18 Hover 2 | . . . . 10 Flight 1 | . . . . 5 Device 10 | . 11 11 11 8 Storage 9 | . 14 11 11 . Hackware 6 | . . . . 26 Energy Gun 18 | . 25 22 22 3 Energy Cannon 3 | . . . . 13 Naked Turns 5 | . . . . 5 Heaviest Build 24 | 13 13 19 22 24 Greatest Support 40 | 20 20 40 40 40 Greatest Overweight (x) 4 | 1 4 . . 3 Average Overweight (x) . | . . . . . Largest Inventory Capacity 8 | 8 8 8 8 8 Average Capacity 7 | 7 8 8 8 5 Most Carried 8 | 3 8 8 8 7 Average Carried 6 | 1 6 7 8 4 Final Capacity 8 | 8 8 8 8 5 Final Carried 8 | 3 8 8 8 5 Class Distribution -------------------- 57% | Scavenger-Mutant 25% | Mutant 14% | Hacker-Mutant Dominant Class ---------------- Mutant | -10/Materials Scavenger-Mutant | -9/Materials Scavenger-Mutant | -9/Mines Hacker-Mutant | -8/Materials Resources | -11 -10 -9 -9 -8 ----------- Run | Yrd Mat Mat Min Mat Matter Collected 628 | 180 151 104 56 137 Remotely . | . . . . . Salvage Created 717 | . 271 161 . 285 Parts 48 | . 15 10 . 23 Haulers Intercepted . | . . . . . Recyclers Shooed . | . . . . . Parts Field Recycled . | . . . . . Retrieved Matter . | . . . . . Parts Self-Destructed . | . . . . . Prevented . | . . . . . Kills | -11 -10 -9 -9 -8 ------- Run | Yrd Mat Mat Min Mat Combat Hostiles Destroyed 17 | . 6 3 . 8 Guns 10 | . 6 3 . 1 Cannons 7 | . . . . 7 Classes Destroyed 5 | . 2 1 . 2 Watcher 1 | . 1 . . . Swarmer 3 | . . . . 3 Cutter 1 | . . . . 1 Grunt 6 | . 6 . . . Sentry 7 | . . 3 . 4 Best Kill Streak 3 | . 3 1 . 3 Combat Bots Only 3 | . 3 1 . 3 Max Kills in Single Turn 1 | . 1 1 . 1 Gunslinging . | . . . . . Exploded . | . . . . . Melee . | . . . . . Uniques/NPCs Destroyed . | . . . . . Combat | -11 -10 -9 -9 -8 -------- Run | Yrd Mat Mat Min Mat Hostile Shots Fired 125 | . 17 25 9 74 Missed 39 | . 4 11 1 23 Damage Taken 1456 | . 168 202 62 1024 Core 620 | . 26 12 8 574 Absorbed by Shields . | . . . . . Regen/Repaired (Parts) 132 | . 100 32 . . Core Remaining (%) 94 | 100 89 . 95 . Volleys Fired 46 | . 21 10 1 14 Largest 2 | . 2 2 2 2 Hottest 120 | . 80 112 112 120 Shots Fired 89 | . 39 20 2 28 Gun 65 | . 39 20 2 4 Cannon 24 | . . . . 24 Launcher . | . . . . . Special . | . . . . . Kinetic 7 | . 7 . . . Thermal 82 | . 32 20 2 28 Explosive . | . . . . . Electromagnetic . | . . . . . Robot Hit Streak 11 | . 9 11 . 9 Robot Miss Streak 4 | . 3 1 2 4 Penetration Max . | . . . . . Secondary Targets . | . . . . . Shots Hit Robots 59 | . 27 18 . 14 Core Hits 34 | . 15 6 . 13 Critical Kills . | . . . . . Critical Parts Destroyed . | . . . . . Critical Strikes . | . . . . . Melee Attacks . | . . . . . Impact . | . . . . . Slashing . | . . . . . Piercing . | . . . . . Sneak Attacks . | . . . . . Combat Hostiles . | . . . . . Follow-up Attacks . | . . . . . Damage Inflicted 1111 | . 311 233 . 567 Guns 574 | . 311 233 . 30 Cannons 322 | . . . . 322 Explosions 215 | . . . . 215 Melee . | . . . . . Ramming . | . . . . . Kinetic 65 | . 65 . . . Thermal 831 | . 246 233 . 352 Explosive . | . . . . . Electromagnetic 215 | . . . . 215 Impact . | . . . . . Slashing . | . . . . . Piercing . | . . . . . Highest Corruption 1 | . . . . 1 Average Corruption 1 | . . . . 1 Corruption Purged . | . . . . . Corruption Blocked . | . . . . . Effects 1 | . . . . 1 Data Loss (minor) 1 | . . . . 1 Overload Shots . | . . . . . Overflow Damage 6 | . . . . 6 Projectiles . | . . . . . Explosions 6 | . . . . 6 Melee . | . . . . . Knockbacks . | . . . . . Impact . | . . . . . Kinetic . | . . . . . Secondary . | . . . . . Self-Inflicted Damage 29 | . . . . 29 Shots 1 | . . . . 1 Rammed . | . . . . . Targets Rammed . | . . . . . Kicked . | . . . . . Crushed . | . . . . . Highest Temperature 194 | . 33 114 15 194 Average Temperature 38 | . 12 42 10 50 Received Heat Transfer 357 | . 96 126 . 135 Siege Activations . | . . . . . Robots Corrupted . | . . . . . Combat Hostiles . | . . . . . Parts Fried . | . . . . . Impact Corruptions . | . . . . . Robots Melted . | . . . . . Combat Hostiles . | . . . . . Parts Melted 5 | . . 2 . 3 Heat Transferred 1712 | . 550 570 . 592 Parts Sabotaged . | . . . . . Parts Stolen . | . . . . . Parts Stripped . | . . . . . Power Chain Reactions . | . . . . . Alert | -11 -10 -9 -9 -8 ------- Run | Yrd Mat Mat Min Mat Peak Influence 377 | . 238 170 233 377 Initial 90 | . . 17 66 90 Average 123 | . 74 77 186 191 Maximum Alert Level 1 | . 1 . 1 1 Low Security (%) 74 | 100 91 100 29 66 Level 1 25 | . 8 . 70 33 Level 2 . | . . . . . Level 3 . | . . . . . Level 4 . | . . . . . Level 5 . | . . . . . High Security . | . . . . . Max Security . | . . . . . Squads Dispatched 5 | . 1 1 . 3 Investigation . | . . . . . Extermination . | . . . . . Reinforcement 5 | . 1 1 . 3 Assault . | . . . . . Garrison . | . . . . . Intercept . | . . . . . Searches Triggered . | . . . . . Construction Impeded . | . . . . . Haulers Reinforced . | . . . . . Active Scanning Responses . | . . . . . Cargo Convoy Interrupts . | . . . . . Stealth | -11 -10 -9 -9 -8 --------- Run | Yrd Mat Mat Min Mat Distress Signals 8 | . 2 5 . 1 Communications Jammed . | . . . . . Distress Signals . | . . . . . Times Spotted 48 | . 10 8 6 24 Peak Tracking Total 12 | . 3 4 3 12 Tactical Retreats 4 | . 1 1 . 2 Traps | -11 -10 -9 -9 -8 ------- Run | Yrd Mat Mat Min Mat Traps Triggered 2 | . 2 . . . Indirectly . | . . . . . Trap Hack Attempts . | . . . . . Triggered . | . . . . . Disarmed . | . . . . . Reprogrammed . | . . . . . Reused . | . . . . . Traps Extracted . | . . . . . Installed . | . . . . . Triggered . | . . . . . Machines | -11 -10 -9 -9 -8 ---------- Run | Yrd Mat Mat Min Mat Machines Disabled 1 | . . . . 1 Max in Single Turn 1 | . . . . 1 Machines Repaired . | . . . . . Machines Dismantled . | . . . . . Machines Sabotaged . | . . . . . Overloaded Fab Kills . | . . . . . Hacking | -11 -10 -9 -9 -8 --------- Run | Yrd Mat Mat Min Mat Machines Accessed 13 | . 7 2 . 4 Terminals 8 | . 4 1 . 3 Fabricators . | . . . . . Repair Stations 2 | . 1 1 . . Recycling Units 3 | . 2 . . 1 Scanalyzers . | . . . . . Garrison Access . | . . . . . Total Hacks 53 | . 21 7 . 25 Successful 32 | . 15 4 . 13 Failed 21 | . 6 3 . 12 Catastrophic 2 | . 2 . . . Database Lockouts . | . . . . . Manual . | . . . . . Terminals 32 | . 10 1 . 21 Fabricators . | . . . . . Repair Stations 13 | . 7 6 . . Recycling Units 8 | . 4 . . 4 Scanalyzers . | . . . . . Garrison Access . | . . . . . Terminal Hacks 15 | . 5 . . 10 Prototype ID Bank 3 | . 1 . . 2 Branch Access Points 1 | . 1 . . . Recycling Unit Index 1 | . . . . 1 Alert Level 1 | . 1 . . . Locate Traps 1 | . . . . 1 Dispatch Records 2 | . 1 . . 1 Maintenance Status 1 | . . . . 1 Surveillance Status 1 | . . . . 1 Hauler Manifests 2 | . 1 . . 1 Registered Components 1 | . . . . 1 Zone Layout 1 | . . . . 1 Fabricator Hacks . | . . . . . Repair Station Hacks 10 | . 6 4 . . Scan Component 7 | . 4 3 . . Repair 3 | . 2 1 . . Recycling Unit Hacks 7 | . 4 . . 3 Process 1 | . 1 . . . Report Inventory 1 | . . . . 1 Retrieve Matter 1 | . . . . 1 Retrieve Components 4 | . 3 . . 1 Scanalyzer . | . . . . . Garrison Access Hacks . | . . . . . Unauthorized Hacks . | . . . . . Terminals . | . . . . . Fabricators . | . . . . . Repair Stations . | . . . . . Recycling Units . | . . . . . Scanalyzers . | . . . . . Garrison Access . | . . . . . Data Cores Recovered . | . . . . . Used . | . . . . . Hacking Detections 10 | . 5 2 . 3 Full Trace Events 2 | . 1 1 . . Feedback Events . | . . . . . Feedback Blocked . | . . . . . Robot Schematics Acquired . | . . . . . Robots Built . | . . . . . Authchips . | . . . . . Time . | . . . . . Total Robot Build Rating . | . . . . . Part Schematics Acquired . | . . . . . Parts Built . | . . . . . Authchips . | . . . . . Time . | . . . . . Total Part Build Rating . | . . . . . Parts Repaired 3 | . 2 1 . . Time 78 | . 52 26 . . Parts Recycled . | . . . . . Recycled Matter . | . . . . . Retrieved Matter . | . . . . . Retrieved Components 5 | . 3 . . 2 Parts Scanalyzed . | . . . . . Part Schematics Acquired . | . . . . . Parts Damaged . | . . . . . Bothacking | -11 -10 -9 -9 -8 ------------ Run | Yrd Mat Mat Min Mat Used RIF Installer . | . . . . . Robots Hacked . | . . . . . Non-combat . | . . . . . Combat . | . . . . . Robot Hacks Applied . | . . . . . Relay Couplers Released . | . . . . . Fabnet Peak Effective % . | . . . . . Robots Rewired . | . . . . . Allies Hacked . | . . . . . Hacks Repelled . | . . . . . Allies | -11 -10 -9 -9 -8 -------- Run | Yrd Mat Mat Min Mat Total Allies 3 | . . . 3 . Largest Group 3 | . . . 3 3 Highest-Rated Group 40 | . . . 40 40 Highest-Rated Ally 16 | . . . 16 16 Total Orders . | . . . . . Ally Attacks 27 | . . . 24 3 Total Damage 267 | . . . 249 18 Kills 7 | . . . 7 . Allies Corrupted . | . . . . . Allies Melted . | . . . . . Intel | -11 -10 -9 -9 -8 ------- Run | Yrd Mat Mat Min Mat Robot Analysis Total . | . . . . . Derelict Logs Recovered 2 | . . . 2 . Drone Launches . | . . . . . Drone Recoveries . | . . . . . Exploration | -11 -10 -9 -9 -8 ------------- Run | Yrd Mat Mat Min Mat Turns Passed 1644 | 57 570 291 366 360 Spaces Moved 1118 | 39 333 126 290 330 Core 20 | 3 1 . . 16 Treads . | . . . . . Legs 902 | 36 332 126 290 118 Wheels . | . . . . . Hover 95 | . . . . 95 Flight 101 | . . . . 101 Fastest Speed 31 | 50 120 120 120 31 Average Speed 105 | 115 120 120 120 70 Slowest Speed 280 | 120 250 120 120 280 Overloaded Moves . | . . . . . Propulsion Burnouts . | . . . . . Robots Hopped 1 | . . . . 1 Cave-ins Triggered . | . . . . . Exploration Rate (%) 35 | 4 50 18 69 34 Regions Visited 4 Branch Regions 1 Pre-discovered Areas 1 | . . . 1 . Known Exits Taken . | . . . . . Unknown Exits Taken 4 | 1 1 1 1 . Scrap Searched 2 | . . . 2 . Spaces Dug . | . . . . . Terrain Destroyed 2 | . . . . 2 Melee . | . . . . . Projectile 2 | . . . . 2 AOE . | . . . . . Terrain Rammed . | . . . . . Walls Destroyed . | . . . . . Machines Disabled . | . . . . . Actions | -11 -10 -9 -9 -8 --------- Run | Yrd Mat Mat Min Mat Total 1494 | 48 458 248 307 433 Wait 236 | 1 82 95 11 47 Move 1112 | 38 332 125 289 328 Hop 1 | . . . . 1 Pick Up 20 | 3 8 4 . 5 Fast Attach 25 | 6 6 2 . 11 Attach 4 | . . 2 . 2 Detach 1 | . . 1 . . Swap 16 | . 5 3 3 5 Drop 33 | . 4 6 3 20 Fire 46 | . 21 10 1 14 Melee . | . . . . . Ram . | . . . . . Kick . | . . . . . Crush . | . . . . . Escape Stasis . | . . . . . Rewire . | . . . . . Trap . | . . . . . Miscellaneous . | . . . . . Route ------- -11/Scrapyard -10/Materials (discovered 3 exits: *Mat x2 / *Min) -9/Materials -9/Mines -8/Materials (discovered 1 exit: [*Fac]) History --------- Turn | Location | Event 12 | -11/Scrapyard | Discovered new exit (range 15) 58 | -11/Scrapyard | Entered Materials 118 | -10/Materials | Discovered new exit (range 16) 300 | -10/Materials | Build established: Mutant 368 | -10/Materials | Identified exit to Mines 558 | -10/Materials | Repaired Aluminum Leg 591 | -10/Materials | Repaired Aluminum Leg 620 | -10/Materials | Discovered new exit (range 3) 628 | -10/Materials | Entered another Materials area 628 | -9/Materials | Evolved 2 slots: Propulsion x2 681 | -9/Materials | Repaired Aluminum Leg 854 | -9/Materials | Discovered new exit (range 15) 915 | -9/Materials | Build established: Scavenger-Mutant 919 | -9/Materials | Entered Mines 954 | -9/Mines | Assisted by bots powering up and referring to "LRC-V3" 1254 | -9/Mines | Learned Materials non-interactive machine intel 1268 | -9/Mines | Discovered new exit (range 10) 1285 | -9/Mines | Entered Materials 1285 | -8/Materials | Accompanied by 3 allies 1285 | -8/Materials | Evolved 2 slots: Utility x2 1286 | -8/Materials | Loaded intel: 34 non-interactive machine locations 1416 | -8/Materials | Lost 3 allies 1623 | -8/Materials | Discovered new exit (range 11) 1639 | -8/Materials | Core integrity fell below 50% 1644 | -8/Materials | Core integrity fell below 20% 1645 | -8/Materials | Destroyed by H-61 Shepherd with Heavy Assault Cannon Last Messages --------------- 01637_ Destroyed Reaction Control System. 01637_ System Shield destroyed. 01638_ Critical hit (Burn: +37). 01638_ H-61 Shepherd calls for reinforcements. 01638_ ALERT: Hostile activity reported, dispatching reinforcements to area. 01638_ G-47 Trooper knocked back. 01639_ U-05 Engineer builds a Wall. 01640_ System Shield severed. 01640_ G-47 Trooper misfires. 01640_ Knocked back. 01640_ G-47 Trooper destroyed. 01641_ Acquired 5 matter. 01643_ Penetrated by Slug. 01643_ Knocked back. 01644_ U-05 Engineer lays Concrete. 01645_ System corrupted: Component data lost. 01645_ Knocked back. 01645_ C-17 Slicer destroyed. 01645_ U-05 Engineer destroyed. Map ----- +----------------------------------------------------+ | | | | | | | | | | | | | ?????????????????????????????????????????????????? | | ?????????????????????????????????????????????????? | | ?????????????????????????????????????????????????? | | ?????????????????????????????????????????????????? | | ?????????????????????????????????????????????????? | | ?????????????????????????????????????????????????? | | ?????????????????????#####???????????????????????? | | ??????????????######## #???????????????????????? | | ??????????????# =% H #???????????????????????? | | ??????????????# ]] = g #???????????????????????? | | ??????????????# % ;g #???????????????????????? | | ??????????????#| #%! #???????????????????????? | | ??????????????# %%=* ###?????????????????????? | | ??????????????# =#c| ########??????????????? | | ??????????##??###### # T !*==!!#??????????????? | | ????###### #???????### ""# =*!!#??????????????? | | ????# #????????## ## *= #???#######????? | | ????# "" #????????# ## ##### #????? | | ????# ""S #?????????# ###### | | ????# "" #?????????# @ r # | | ##### ??????????# # """ | | #== ????????????#######+########## # """ | | ##/################ #?????## ## """ | | %! + #??????# ## =[ | | ################### #??????# ##[=! | | #?????????????????# """"""" ######## ###"### | | ##?????????????????# """"""" # | | #??????????????????# """"""" # %* | | #??????????????????# """"""" # | | /??????????????????# """"""" # #####+######## | | #??????????????????####??????# ??????????????# | | #????????????????????????????# ???????????????# | | #????????????????????????????#????????????????# | | ?????????????????????????????????????????????# | | ?????????????????????????????????????????????# | | ????????????????????????????????????????????# | | ##????????????????????????????????????????????# | | #?????????????????????????????????????????##??# | | ??????????????????????????"""?????????????+ ?# | | ???????????"""???????????????"""??????????????# ## | | ???????????"""???????????????"""?????????"""??# | | ???????????"""???????????????????????????"""??# | | ?????????????????????????????????????????"""??# | | ???????????"""????????????????????????????????# | +----------------------------------------------------+ Best States ------------- Heat Dissipation 45 Energy Generation 18 Energy Capacity 310 Matter Stores 300 Matter Capacity 300 Sight Range 16 Terrain Scan Density 10 Evasion (%) 63 Defensive Hacking 30 Authchip Count 1 Item Schematics ----------------- None Robot Schematics ------------------ None Fabricated ------------ Nothing Alien Tech Used ----------------- None Achievements -------------- None Challenges ------------ None Game ------ Seed PulseProcessingRifle Manual? 0 Play Time 00:33:24 Cumulative 6.5 hours Start 2024.04.01 @ 16:15:45 End 2024.04.03 @ 19:14:13 Sessions 1 Manual Loads 0 Difficulty Rogue Special Mode None Game No. 10 Rogue 10 Adventurer 0 Explorer 0 Win Type - Total 0 Types 0/0/0/0/0/0/0/0/0 Lore% 4 Gallery% 11 Achievement% 12 Wizard Run 0 Options --------- Layout 1 ASCII 0 Keyboard 0 Movement Numpad Keybinds 0 Fullscreen 1 Font 24/Crisp Map View 50x35 Zoom Use 0% Tactical HUD 1 Map Filters NONE Filters NONE Steam 1 RUN: da9b902c-7735-4ba5-96c6-95ee8c3d91e5